 Dungeon Crawl Stone Soup version 0.28.0-45-g0d030f2227 (webtiles) character file.

Game seed: 17697858234585592419

141 zeratav the Insei (level 5, -4/34 HPs)
             Began as an Octopode Transmuter on Apr 7, 2022.
             Slain by a sky beast (6 damage)
             ... on level 4 of the Dungeon.
             The game lasted 00:08:58 (4272 turns).

zeratav the Insei (Octopode Transmuter)             Turns: 4272, Time: 00:08:59

Health: -4/34      AC:  1    Str:  9    XL:     5   Next: 24%
Magic:  8/8        EV: 13    Int: 15    God:
Gold:   100        SH:  0    Dex: 15    Spells: 7/8 levels left

rFire   . . .      SeeInvis .     - Unarmed
rCold   . . .      Faith    .   (no shield)
rNeg    . . .      Spirit   .   (helmet restricted)
rPois   .          Reflect  .   (no amulet)
rElec   .          Harm     .   (no ring)
rCorr   .          Rampage  .   (no ring)
Will    .....                   (no ring)
Stlth   +++.......              (no ring)
HPRegen 0.11/turn               (no ring)
MPRegen 0.11/turn               (no ring)
                                (no ring)
                                (no ring)

@: no status effects
A: almost no armour, amphibious, 8 rings, camouflage 1, gelatinous body 1,
(nimble swimmer 1), tentacles
a: no special abilities


You were on level 4 of the Dungeon.
You visited 1 branch of the dungeon, and saw 4 of its levels.

You collected 100 gold pieces.


Innate Abilities, Weirdness & Mutations

You cannot wear most types of armour.
You are amphibious.
You can wear up to eight rings at the same time.
Your skin changes colour to match your surroundings (Stealth+).
Your rubbery body absorbs attacks. (AC +1, EV +1)
((You are camouflaged when in or above water. (Stealth+)))
You have tentacles for arms and can constrict up to eight enemies at once.


   Skills:
 + Level 2.0 Fighting
 + Level 2.6 Dodging
 + Level 2.4 Stealth
 * Level 4.2 Unarmed Combat
 - Level 2.0 Spellcasting
 + Level 2.6 Transmutations


You had 7 spell levels left.
You knew the following spells:

 Your Spells              Type           Power      Damage    Failure   Level
a - Beastly Appendage     Tmut           18%        N/A       8%          1

Your spell library contained the following spells:

 Spells                   Type           Power      Damage    Failure   Level
 Wereblood                Tmut           9%         N/A       11%         2
 Spider Form              Tmut/Pois      5%         N/A       36%         3
 Portal Projectile        Hex/Tloc       2%         N/A       54%         3
 Ice Form                 Ice/Tmut       5%         N/A       77%         4
 Blade Hands              Tmut           4%         N/A       90%         5
 Excruciating Wounds      Necr           0%         N/A       99%         5

Inventory:

Missiles
 c - 6 poisoned darts (quivered) {throwing}
Scrolls
 b - a scroll of immolation {unknown}
 e - 3 scrolls of identify {unknown}
 f - a scroll of blinking {unknown}
Potions
 a - a potion of degeneration {unknown}
 d - 2 potions of heal wounds {unknown}
 g - a potion of invisibility {unknown}
 h - 2 potions of might {unknown}

Dungeon Overview and Level Annotations

Branches:
Dungeon (4/15)
 Temple: D:4-7

Altars:
Zin

Shops:
D:3 = D:4

= ...W #(#
### .... #.
#.# ###h
#.## #.#
#.... #.#
#...= #.#
#....#.# #
#....#.# .#
#....gY#.##
##....@...#
#........#
##.........#
........####
#........#
#........#
###......#
########


You could see a sky beast and a goblin.


Message History

Things that are here:
a +0 dagger {short}; a kobold skeleton You see here a +0 flail {mace}.
Done exploring.
(D) Dungeon
Where to? (Enter - D:3 @ (x,y), ? - help)
There is an escape hatch in the floor here.
There is a stone staircase leading down here.
You climb downwards.
There is a stone staircase leading up here.
h - 2 golden potions
Found a stone staircase leading up. 2 orcs come into view.
There is a stone staircase leading up here.
You see here a +0 club {mace}.
Found a stone staircase leading down.
A hound skeleton comes into view.
A hound and a phantom come into view.
Found a stone staircase leading down.
Found Osaposoh's Jewellery Shoppe.
Found a stone staircase leading up.
There is a stone staircase leading down here.
An orc comes into view. It is wielding a +0 club.
There is an entrance to Osaposoh's Jewellery Shoppe here.
A sky beast comes into view.
You throw a poisoned dart {throwing}.
The poisoned dart {throwing} hits the sky beast.
The sky beast is poisoned.
The sky beast flickers out of sight!
Deactivating autopickup; reactivate with Ctrl-A.
A sky beast appears from thin air!
Reactivating autopickup.
The sky beast closely misses you.
You throw a poisoned dart {throwing}.
The poisoned dart {throwing} hits the sky beast.
The sky beast flickers out of sight!
Deactivating autopickup; reactivate with Ctrl-A.
Something barely misses you.
A goblin comes into view. It is wielding a +0 dagger.
A water moccasin comes into view.
A giant cockroach comes into view.
The goblin shouts!
The goblin unwields a +0 dagger.
The goblin wields a +0 hunting sling.
The goblin shoots a stone.
The stone barely misses you.
A sky beast appears from thin air!
Reactivating autopickup.
You throw a poisoned dart {throwing}.
The poisoned dart {throwing} hits the sky beast.
The sky beast hits you. The sky beast shocks you.
HP[-10]
You take 10 damage, and now have 24/34 hp.
MASSIVE DAMAGE!! (PAUSE)
You throw a poisoned dart {throwing}.
The poisoned dart {throwing} hits the sky beast.
The sky beast barely misses you.
The goblin shoots a stone.
The stone barely misses you.
The sky beast flickers out of sight!
Deactivating autopickup; reactivate with Ctrl-A.
The goblin shoots a stone.
The goblin shoots a stone.
The stone closely misses you.
The goblin shoots a stone.
HP[+1]
A sky beast appears from thin air!
Reactivating autopickup.
You throw a poisoned dart {throwing}.
The poisoned dart {throwing} barely misses the sky beast.
The poisoned dart {throwing} barely misses the goblin.
The sky beast barely misses you.
You throw a poisoned dart {throwing}.
The poisoned dart {throwing} hits the sky beast.
The sky beast barely misses you.
You closely miss the sky beast. Your squeeze misses the sky beast.
The sky beast barely misses you.
You closely miss the sky beast. The sky beast misses you.
You tentacle-slap the sky beast. The sky beast hits you.
The sky beast shocks you.
* * * LOW HITPOINT WARNING * * *
HP[-10]
You take 10 damage, and now have 15/34 hp.
MASSIVE DAMAGE!! (PAUSE)
You tentacle-slap the sky beast but do no damage.
HP[+1]
You miss the sky beast. The sky beast hits you.
* * * LOW HITPOINT WARNING * * *
The sky beast shocks you.
* * * LOW HITPOINT WARNING * * *
The goblin unwields a +0 hunting sling.
The goblin wields a +0 dagger.
The goblin hits you but does no damage.
HP[-6]
You take 6 damage, and now have 10/34 hp.
You tentacle-slap the sky beast but do no damage.
The sky beast completely misses you. The goblin hits you with a +0 dagger.
* * * LOW HITPOINT WARNING * * *
HP[-3]
You take 3 damage, and now have 7/34 hp.
You tentacle-slap the sky beast but do no damage.
Your tentacle-slap misses the sky beast.
The sky beast hits you.
* * * LOW HITPOINT WARNING * * *
The sky beast shocks you.
You die...

Skill      XL: |  1  2  3  4  5 |
---------------+----------------+-----
Stealth        | 1 2 |  2.4
Unarmed Combat | 4 |  4.2
Fighting       | 2 |  2.0
Dodging        | |  2.6
Spellcasting   | |  2.0
Transmutations | |  2.6

Action                   |  1- 3 |  4- 6 || total
-------------------------+-------+-------++-------
Melee: Unarmed           |    85 |    56 ||   141
       Constrict         |    28 |    14 ||    42
       Tentacles         |    24 |    11 ||    35
       Kick              |    12 |     1 ||    13
       Punch             |     1 |       ||     1
Throw: Dart              |    10 |    75 ||    85
 Cast: Beastly Appendage |    20 |     2 ||    22
 Stab: Sleeping          |     3 |     1 ||     4
Armor: Skin              |     6 |     7 ||    13
Dodge: Dodged            |    43 |    44 ||    87

Levels and vault maps discovered:
D:1:      dpeg_arrival_simpleton_b, layout_basic
D:2:      layout_basic
D:3:      kennysheep_big_flooded_room, layout_loops_ring, zin_scriptorium,
          serial_shops, shop
D:4:      layout_basic, serial_shops, nicolae_stop_n_shop_2

Notes
Turn   | Place    | Note
-------+----------+-------------------------------------------
     0 | D:1      | zeratav the Octopode Transmuter began the quest for the
                  | Orb.
     0 | D:1      | Reached XP level 1. HP: 13/13 MP: 3/3
     0 | D:1      | magus.rc [v1.9.6]
   242 | D:1      | Reached XP level 2. HP: 10/18 MP: 3/5
   380 | D:1      | Reached skill level 1 in Stealth
   740 | D:1      | Reached XP level 3. HP: 23/23 MP: 4/6
  1716 | D:2      | Reached XP level 4. HP: 28/28 MP: 5/7
  2008 | D:2      | Reached skill level 2 in Stealth
  2482 | D:3      | Reached skill level 4 in Unarmed Combat
  2560 | D:3      | Found Moinyberch's Jewellery Boutique.
  2814 | D:3      | Reached XP level 5. HP: 11/34 MP: 6/8
  3152 | D:3      | Reached skill level 2 in Fighting
  3487 | D:3      | HP: 8/34 [poisoned by a kobold]
  3869 | D:3      | You pick up a book of Weapons and begin reading...
  3869 | D:3      | You add the spells Portal Projectile, Excruciating Wounds
                  | and Blade Hands to your library.
  3989 | D:3      | Found a glowing silver altar of Zin.
  4197 | D:4      | Noticed a phantom
  4207 | D:4      | Found Osaposoh's Jewellery Shoppe.
  4231 | D:4      | Noticed a sky beast
  4243 | D:4      | Noticed a water moccasin
  4271 | D:4      | HP: 7/34 [goblin/+0 dagger (3)]
  4272 | D:4      | HP: 2/34 [sky beast (5)]
  4272 | D:4      | Slain by a sky beast

Vanquished Creatures
  3 gnolls (D:3)
  2 adders
  A worm (D:3)
  7 dart slugs
  7 bats
  5 endoplasms
  2 giant cockroaches
  4 goblins
  5 hobgoblins
  8 jackals (D:2)
  7 quokkas
  5 ball pythons
  2 frilled lizards (D:1)
  12 kobolds
  4 rats
74 creatures vanquished.

Table legend:
 A = Non-vault XP
 B = Vault XP
 C = Vault XP percentage of total XP
 D = Non-vault monster count
 E = Vault monster count
 F = Vault count percentage of total count
                 A         B        C        D         E       F
            +---------+---------+-------+---------+---------+-------
      Total |     198 |       4 |   2.0 |      72 |       2 |   2.7
            +---------+---------+-------+---------+---------+-------
        D:1 |      49 |       0 |   0.0 |      26 |       0 |   0.0
        D:2 |      66 |       0 |   0.0 |      29 |       0 |   0.0
        D:3 |      83 |       4 |   4.6 |      17 |       2 |  10.5
            +---------+---------+-------+---------+---------+-------

Illustrated notes

Table legend:
 A = Kills in this place as a percentage of kills in entire the game.
 B = Kills by you in this place as a percentage of kills by you in the entire game.
 C = Kills by friends in this place as a percentage of kills by friends in the entire game.
 D = Other kills in this place as a percentage of other kills in the entire game.
 E = Experience gained in this place as a percentage of experience gained in the entire game.
 F = Experience gained in this place divided by the number of levels of this place that you have seen.
                   A       B       C       D       E      F
               +-------+-------+-------+-------+-------+----------------------
         Total | 100.0 | 100.0 |   N/A |   N/A | 100.0 |  50.5
       Dungeon | 100.0 | 100.0 |   N/A |   N/A | 100.0 |  50.5
               +-------+-------+-------+-------+-------+----------------------

Table legend: (Time is in decaauts)
 A = Elapsed time spent in this place.
 B = Non-inter-level travel time spent in this place.
 C = Inter-level travel time spent in this place.
 D = Time resting spent in this place.
 E = Time spent auto-exploring this place.
 F = Levels seen in this place.
 G = Mean time per level.
                   A        B        C        D        E       F      G
               +--------+--------+--------+--------+--------+-----+--------+
         Total |   4264 |   4115 |    149 |    749 |   2454 |   4 | 1066.0 |
       Dungeon |   4264 |   4115 |    149 |    749 |   2454 |   4 | 1066.0 |
               +--------+--------+--------+--------+--------+-----+--------+

Top non-repeatable levels by time:
     D:2: 1748 daAuts
     D:3: 1394 daAuts
     D:1: 1016 daAuts
     D:4: 104 daAuts
